 Dungeon Crawl Stone Soup version 0.31-a0-702-gf82c85558f (webtiles) character file.

Game seed: 14974392012564966737

214 qw the Shooter (level 5, -1/33 HPs)
             Began as a Gargoyle Hunter on Sept 8, 2023.
             Slain by Duvessa
             ... wielding a +0 short sword
              (9 damage)
             ... on level 4 of the Dungeon.
             The game lasted 00:00:59 (2336 turns).

qw the Shooter (Gargoyle Hunter)                    Turns: 2336, Time: 00:01:00

Health: -1/33      AC: 10    Str: 14    XL:     5   Next: 92%
Magic:  5/5        EV: 10    Int: 10    God:
Gold:   146        SH:  0    Dex: 15    Spells: 4/4 levels left

rFire   . . .        Y - +0 shortbow
rCold   . . .        (shield currently unavailable)
rNeg    + . .        d - +0 ring mail
rPois   inf          (no helmet)
rElec   +            (no cloak)
rCorr   .            (no gloves)
SInv    .            b - +0 pair of boots
Will    .....        (no amulet)
Stlth   +            j - +4 ring of slaying {mikee}
HPRegen 0.25/turn    (no ring)
MPRegen 0.09/turn

%: no passive effects
@: no status effects
A: sickness immunity, AC +4, negative energy resistance 1, electricity
resistance, torment resistance 1, petrification resistance
a: no special abilities


You were on level 4 of the Dungeon.
You visited 1 branch of the dungeon, and saw 4 of its levels.

You collected 179 gold pieces.
You spent 33 gold pieces at shops.


Innate Abilities, Weirdness & Mutations

You are immune to sickness and miasma.
Your stone body is resilient. (AC +4)
You are immune to poison.
You resist negative energy. (rN+)
You are resistant to electric shocks. (rElec)
You are resistant to unholy torment.
You are immune to petrification.


   Skills:
 - Level 4.1 Fighting
 + Level 6.0 Ranged Weapons
 - Level 1.0 Armour
 - Level 1.5 Dodging
 - Level 1.1 Stealth


You had 4 spell levels left.
You didn't know any spells.
Your spell library was empty.

Inventory:

Hand Weapons
 Y - a +0 shortbow (weapon)
Armour
 b - a +0 pair of boots (worn)
 d - a +0 ring mail (worn)
Jewellery
 j - a +4 ring of slaying (left hand) {mikee}
Scrolls
 f - a scroll of identify
Potions
 a - a potion of curing
 e - a potion of heal wounds
 g - a potion of resistance {unknown}

Dungeon Overview and Level Annotations

Branches:
Dungeon (4/15)
 Temple: D:4-7

Altars:
Dithmenos

Shops:
D:2 [!

Annotations:
D:4 Duvessa


Message History

The gnoll hits you from afar with a +0 halberd.
You shoot an arrow. The arrow hits the gnoll.
The gnoll is almost dead.
The gnoll closely misses you.
You shoot an arrow. The arrow hits the gnoll.
You kill the gnoll!
Your Fighting skill increases to level 4!
You shoot an arrow. The arrow hits the orc!
You kill the orc!
You start resting.
Duvessa, Sister of Dowan comes into view.
She is wielding a +0 short sword.
You shoot an arrow. The arrow barely misses Duvessa.
Duvessa shouts!
Duvessa goes berserk!
You shoot an arrow. The arrow hits Duvessa!
Duvessa is lightly wounded.
You shoot an arrow.
The arrow hits Duvessa but does no damage.
Duvessa is lightly wounded.
You shoot an arrow. The arrow hits Duvessa!
Duvessa is moderately wounded.
Duvessa rages.
An orc comes into view. It is wielding a +0 whip.
Duvessa closely misses you.
A scorpion comes into view.
The orc moves out of view.
2334 |||
Found retreat position at -3,-2 (floor) with 0 blocking monsters and 1 monsters attacking at destination at distance 4
2334 ||| Stepping ~*~*~tactically~*~*~ (retreating).
Duvessa hits you with a +0 short sword. Duvessa barely misses you.
Items here: %% )).
2335 |||
Found retreat position at -2,-2 (floor) with 0 blocking monsters and 1 monsters attacking at destination at distance 3
2335 ||| Stepping ~*~*~tactically~*~*~ (retreating).
Found 11 gold pieces.
Duvessa attacks as she pursues you! Duvessa hits you with a +0 short sword!
Things that are here:
a +0 halberd; a +0 club You shoot an arrow.
The arrow hits Duvessa.
Duvessa is heavily wounded.
Duvessa hits you with a +0 short sword. Duvessa hits you with a +0 short sword!
You die...

...)......#
#.## .. .#
..........#
#.. .. .#
....####..##
#s# ... .e
..#
##..####.# .
##......#
#.#...##
#.##.## #
##.##.###....
#..@e........
#.).#..#..##.
#..#.#..# .#
#..##.#.... #
.... #.##.#.#
...o ..# .#.#
.#. ..$ .. .
#. ..# ## ##


You could see Duvessa (berserk) and an orc.

Vanquished Creatures
  Dowan (D:4)
  A jelly (D:4)
  2 gnolls (D:4)
  3 adders
  A white imp (D:4)
  A worm (D:2)
  A dart slug (D:3)
  4 orcs
  8 ball pythons
  3 bats
  6 endoplasms
  5 giant cockroaches
  9 goblins
  5 hobgoblins
  4 jackals (D:3)
  6 quokkas
  3 frilled lizards (D:1)
  4 kobolds
  7 rats
74 creatures vanquished.

Notes
Turn   | Place    | Note
-------+----------+-------------------------------------------
     0 | D:1      | qw the Gargoyle Hunter began the quest for the Orb.
     0 | D:1      | Reached XP level 1. HP: 12/12 MP: 1/1
     0 | D:1      | 0 ||| qw: Version: 0.3-a-76-g4403597
     0 | D:1      | 0 ||| qw: Game counter: 1246
     0 | D:1      | 0 ||| qw: Melee chars always use a shield: true
     0 | D:1      | 0 ||| qw: God list: Okawaru
     0 | D:1      | 0 ||| qw: Allow faded altars: false
     0 | D:1      | 0 ||| qw: Do Orc after clearing Dungeon:15 true
     0 | D:1      | 0 ||| qw: Do second Lair branch before Depths: true
     0 | D:1      | 0 ||| qw: Lair rune preference: random
     0 | D:1      | 0 ||| qw: Goals: Normal
     0 | D:1      | 0 ||| PLANNING D:1-11
    41 | D:1      | Reached XP level 2. HP: 17/17 MP: 2/2
   182 | D:1      | Found a faded altar of an unknown god.
   584 | D:1      | Reached XP level 3. HP: 21/21 MP: 3/3
   751 | D:1      | 751 ||| UPGRADING to +0 ring mail.
   761 | D:1      | 761 ||| DROPPING +0 leather armour.
   762 | D:1      | 762 ||| READING scroll labelled VUUVIKKUNE.
   763 | D:1      | 763 ||| DROPPING scroll of butterflies.
   815 | D:2      | Found Tufoen's Distillery.
   835 | D:2      | Reached skill level 1 in Armour
   839 | D:2      | 839 ||| BUYING potion of curing (33 gold).
   839 | D:2      | Bought a potion of curing for 33 gold pieces
   839 | D:2      | 839 ||| SHOPLISTING potion of haste (110 gold, have 50).
   839 | D:2      | 839 ||| SHOPLISTING potion of heal wounds (55 gold, have
                  | 50).
   933 | D:2      | Found Yjueduc's Antique Armour Shop.
   946 | D:2      | Reached skill level 5 in Ranged Weapons
   968 | D:2      | Reached XP level 4. HP: 22/27 MP: 4/4
   992 | D:2      | 992 ||| SHOPLISTING colourful robe (142 gold, have 57).
   992 | D:2      | 992 ||| SHOPLISTING pair of runed boots (187 gold, have
                  | 57).
   992 | D:2      | 992 ||| SHOPLISTING pair of smoking boots (237 gold, have
                  | 57).
  1005 | D:2      | Reached skill level 3 in Fighting
  1071 | D:2      | 1071 ||| DROPPING +1 heavy sling.
  1520 | D:2      | 1520 ||| UPGRADING to +0 pair of boots.
  1525 | D:2      | 1525 ||| UPGRADING to +4 ring of slaying {mikee}.
  1526 | D:2      | 1526 ||| READING scroll labelled QEUMIOGRU.
  1527 | D:2      | 1527 ||| READING 4 scrolls labelled DUICRA ANURA.
  1528 | D:2      | 1528 ||| READING scroll labelled JAOWKEJ SEPIMIG.
  1529 | D:2      | 1529 ||| READING scroll labelled GON MAPAFISA.
  1530 | D:2      | 1530 ||| DRINKING 2 black potions.
  1531 | D:2      | 1531 ||| READING 3 scrolls of identify.
  1531 | D:2      | 1531 ||| IDENTIFYING fuming coppery potion
  1532 | D:2      | 1532 ||| DROPPING potion of attraction.
  1533 | D:2      | 1533 ||| DROPPING potion of brilliance.
  1569 | D:3      | Found a shadowy altar of Dithmenos.
  2141 | D:3      | 2141 ||| DROPPING ring of magical power.
  2142 | D:3      | 2142 ||| READING 3 scrolls of identify.
  2142 | D:3      | 2142 ||| IDENTIFYING fizzy silvery potion
  2143 | D:3      | 2143 ||| READING 2 scrolls of identify.
  2143 | D:3      | 2143 ||| IDENTIFYING puce potion
  2144 | D:3      | 2144 ||| DROPPING potion of invisibility.
  2231 | D:4      | Noticed Dowan
  2232 | D:4      | 2232 ||| FLEEEEING.
  2242 | D:4      | 2242 ||| FLEEEEING.
  2243 | D:4      | 2243 ||| FLEEEEING.
  2244 | D:4      | 2244 ||| FLEEEEING.
  2245 | D:4      | 2245 ||| FLEEEEING.
  2246 | D:4      | 2246 ||| FLEEEEING.
  2247 | D:4      | 2247 ||| FLEEEEING.
  2249 | D:4      | 2249 ||| FLEEEEING.
  2250 | D:4      | 2250 ||| FLEEEEING.
  2251 | D:4      | 2251 ||| STAIRDANCE
  2270 | D:4      | Killed Dowan
  2271 | D:4      | Reached skill level 6 in Ranged Weapons
  2271 | D:4      | Reached XP level 5. HP: 32/32 MP: 5/5
  2329 | D:4      | Noticed Duvessa
  2334 | D:4      | 2334 ||| Stepping ~*~*~tactically~*~*~ (retreating).
  2335 | D:4      | 2335 ||| Stepping ~*~*~tactically~*~*~ (retreating).
  2336 | D:4      | HP: 8/33 [Duvessa/+0 short sword (4)]
  2336 | D:4      | Slain by Duvessa

Levels and vault maps discovered:
D:1:      evilmike_arrival_crescent, layout_loops_ring,
          shapermc_ecumenical_altar_flowoftime
D:2:      layout_loops_cross, serial_shops, shop, nicolae_square_shop
D:3:      minmay_wonky_spiral, layout_basic, mainiacjoe_overflow_boulevard
D:4:      layout_loops_cross, minmay_manual_moon, uniq_duvessa

Skill      XL: |  1  2  3  4  5 |
---------------+----------------+-----
Armour         | 1 |  1.0
Ranged Weapons | 5 6 |  6.0
Fighting       | 3 4 |  4.1
Dodging        | |  1.5
Stealth        | |  1.1

Action                     |  1- 3 |  4- 6 || total
---------------------------+-------+-------++-------
   Fire: Shortbow          |   121 |   103 ||   224
    Use: Scroll            |     1 |     7 ||     8
         Potion            |       |     1 ||     1
 Armour: Leather armour    |    19 |       ||    19
         Ring mail         |    24 |    28 ||    52
  Dodge: Dodged            |    41 |    18 ||    59

Table legend:
 A = Non-vault XP
 B = Vault XP
 C = Vault XP percentage of total XP
 D = Non-vault monster count
 E = Vault monster count
 F = Vault count percentage of total count
                 A         B        C        D         E       F
            +---------+---------+-------+---------+---------+-------
      Total |     183 |     124 |  40.4 |      65 |       9 |  12.2
            +---------+---------+-------+---------+---------+-------
        D:1 |      34 |       0 |   0.0 |      22 |       0 |   0.0
        D:2 |      62 |       0 |   0.0 |      22 |       0 |   0.0
        D:3 |      39 |       9 |  18.8 |      13 |       4 |  23.5
        D:4 |      48 |     115 |  70.6 |       8 |       5 |  38.5
            +---------+---------+-------+---------+---------+-------
